[Event "Gibraltar Masters 18th"]
[Site "Gibraltar"]
[Date "2020.01.23"]
[Round "3.39"]
[White "Buksa, Nataliya"]
[Black "Studer, Noel"]
[Result "1-0"]
[ECO "B33"]
[WhiteElo "2403"]
[BlackElo "2546"]
[PlyCount "107"]
[EventDate "2020.01.21"]
[EventType "swiss"]
[EventRounds "10"]
[EventCountry "GGB"]
[SourceTitle "BritBase"]
[Source "John Saunders"]
[SourceDate "2021.06.05"]
[SourceVersion "1"]
[SourceVersionDate "2021.06.05"]
[SourceQuality "1"]
[TimeControl "40/100:0"]
[WhiteClock "0:54:10"]
[BlackClock "0:52:37"]

1. e4 c5 2. Nf3 Nc6 3. d4 cxd4 4. Nxd4 Nf6 5. Nc3 e5 6.
Ndb5 d6 7. Bg5 a6 8. Na3 b5 9. Bxf6 gxf6 10. Nd5 f5 11. Bd3 Be6 12. c3 Bg7 13. Nc2 O-O 14. Nce3 fxe4 15. Bxe4 f5 16. Bc2 f4 17. Qh5 Rf7 18. Bxh7+ Kf8 19. Bf5 Qe8 20. Bxe6 Qxe6 21. Qg4 Nd8 22. Qxe6 Nxe6 23. Ng4 Nc5 24. Ke2 e4 25. f3 Re8 26. Nf2 b4
27. cxb4 exf3+ 28. Kxf3 Ne6 29. Nd3 Nd4+ 30. Kg4 Be5 31. N3xf4 Rg7+ 32. Kh3
Rh7+ 33. Kg3 Rg7+ 34. Kh3 Rh7+ 35. Kg3 Rg7+ 36. Kh4 Nf5+ 37. Kh3 Bxb2 38. Rae1
Be5 39. g3 Kf7 40. Rhf1 Rh8+ 41. Kg2 Nh4+ 42. Kg1 Kg8 43. Ne6 Bxg3 44. Rf8+ Kh7
45. Rxh8+ Kxh8 46. hxg3 Rxg3+ 47. Kf2 Rg2+ 48. Ke3 Kg8 49. Rf1 Ng6 50. Rf6 Ne5
51. Rf8+ Kh7 52. Nf6+ Kg6 53. Nf4+ Kg7 54. Rg8+ 1-0

[Event "Gibraltar Masters 18th"]
[Site "Gibraltar"]
[Date "2020.01.23"]
[Round "3.40"]
[White "Gschnitzer, Adrian"]
[Black "Gukesh, Dommaraju"]
[Result "1/2-1/2"]
[ECO "B09"]
[WhiteElo "2388"]
[BlackElo "2542"]
[PlyCount "108"]
[EventDate "2020.01.21"]
[EventType "swiss"]
[EventRounds "10"]
[EventCountry "GGB"]
[SourceTitle "BritBase"]
[Source "John Saunders"]
[SourceDate "2021.06.05"]
[SourceVersion "1"]
[SourceVersionDate "2021.06.05"]
[SourceQuality "1"]
[TimeControl "40/100:0"]
[WhiteClock "0:15:06"]
[BlackClock "0:34:23"]

1. e4 g6 2. d4 Bg7 3. Nc3 d6 4. f4 Nf6 5. Nf3 O-O 6. e5 dxe5 7. fxe5 Nd5 8.
Bc4 Nb6 9. Bb3 Nc6 10. O-O Bg4 11. Be3 Na5 12. Qe2 Nxb3 13. axb3 c6 14. h3 Bf5 15. Ng5 Nd5 16. Nxd5 cxd5 17. Rxf5 gxf5 18. Qh5 h6 19. Nf3 Qb6 20. Nh4 e6 21. Nf3 f6 22. Bxh6 Qc7 23.
Re1 fxe5 24. Rxe5 Rf6 25. Bg5 Qf7 26. Qxf7+ Rxf7 27. Rxe6 Rc8 28. c3 Rc6 29.
Re2 a5 30. Bd8 Ra6 31. Be7 Bf6 32. Bc5 a4 33. bxa4 Rxa4 34. Re8+ Kh7 35. Ba3
Ra6 36. Kf2 Rb6 37. Ne5 Rg7 38. g3 Rg8 39. Rxg8 Kxg8 40. Kf3 Bxe5 41. dxe5 Kf7 42. Kf4 Ke6 43. g4 fxg4 44. hxg4 Rc6 45. Bd6 Rc4+ 46. Kf3 Re4 47. b3 Re1 48. Bc5 Rxe5 49. Bd4 Re1 50. Kf4 b5 51. b4 Re2 52. Kg5 Rg2 53. Kh5 Rg3 54. Kg5 Rg2 1/2-1/2

[Event "Gibraltar Masters 18th"]
[Site "Gibraltar"]
[Date "2020.01.23"]
[Round "3.41"]
[White "Muzychuk, Anna"]
[Black "Mendonca, Leon Luke"]
[Result "1/2-1/2"]
[ECO "A18"]
[WhiteElo "2539"]
[BlackElo "2417"]
[PlyCount "119"]
[EventDate "2020.01.21"]
[EventType "swiss"]
[EventRounds "10"]
[EventCountry "GGB"]
[SourceTitle "BritBase"]
[Source "John Saunders"]
[SourceDate "2021.06.05"]
[SourceVersion "1"]
[SourceVersionDate "2021.06.05"]
[SourceQuality "1"]
[TimeControl "40/100:0"]
[WhiteClock "0:20:47"]
[BlackClock "0:26:11"]

1. c4 Nf6 2. Nc3 e6 3. e4 d5 4. e5 d4 5. exf6 dxc3 6. bxc3 Qxf6 7. d4 e5 8. Nf3 Nc6 9. Be2 exd4 10. Bg5 Qg6 11. O-O dxc3 12. Bd3 Qd6 13. Re1+ Be7 14. c5 Qxc5 15. Bxe7 Nxe7 16. Re5 Qd6 17. Bb5+ Kf8 18. Qe2 f6 19. Re3 Bd7 20.
Bxd7 Qxd7 21. Nd4 Nd5 22. Ne6+ Kf7 23. Rd1 c2 24. Qxc2 Rhe8 25. Nf4 c6 26. Nxd5
cxd5 27. Qxh7 Rxe3 28. fxe3 Re8 29. Qh5+ Kg8 30. Rxd5 Qe6 31. Rd3 Rc8 32. a3
Qe4 33. Qd1 Rc5 34. h3 Kh7 35. Qd2 Re5 36. Rd7 Qxe3+ 37. Qxe3 Rxe3 38. Rxb7
Rxa3 39. Kf2 Kg6 40. Rc7 a6 41. Ra7 f5 42. Rc7 Kh6 43. Rf7 g6 44. Rf6 Kg5 45.
Rc6 a5 46. Ra6 Ra1 47. g3 a4 48. Kg2 a3 49. h4+ Kh5 50. Ra5 Kh6 51. Kh2 Kg7 52.
Ra6 Kf7 53. Kg2 a2 54. Ra7+ Ke6 55. Ra6+ Kd5 56. Ra5+ Kc4 57. Ra8 Kd3 58. Rd8+
Ke3 59. Re8+ Kd3 60. Rd8+ 1/2-1/2

[Event "Gibraltar Masters 18th"]
[Site "Gibraltar"]
[Date "2020.01.23"]
[Round "3.42"]
[White "Zhou, Guijue"]
[Black "Bellahcene, Bilel"]
[Result "0-1"]
[ECO "C45"]
[WhiteElo "2193"]
[BlackElo "2536"]
[PlyCount "72"]
[EventDate "2020.01.21"]
[EventType "swiss"]
[EventRounds "10"]
[EventCountry "GGB"]
[SourceTitle "BritBase"]
[Source "John Saunders"]
[SourceDate "2021.06.05"]
[SourceVersion "1"]
[SourceVersionDate "2021.06.05"]
[SourceQuality "1"]
[TimeControl "40/100:0"]
[WhiteClock "0:19:38"]
[BlackClock "0:10:40"]

1. e4 e5 2. Nf3 Nc6 3. d4 exd4 4. Nxd4 Bc5 5. Be3 Qf6 6. c3 b6 7. g3 Nge7 8. Bg2 Bb7 9. O-O O-O-O 10. f4 h5 11. Qd2 h4 12. g4 h3 13. Bf3 g5 14. fxg5 Qg6 15. b4 Bd6 16. Nf5 Kb8 17. Na3 Ne5 18. Nxd6 cxd6 19. Bf4 Nc8 20.
Bxe5 dxe5 21. Nc4 d6 22. Qe3 Rh4 23. a4 Bxe4
24. Qxe4 Qxe4 25. Bxe4 Rxg4+ 26. Kf2 Rxe4 27. Nd2 Rg4 28. Rg1 Rf4+ 29. Kg3 Ne7 30. Raf1 Nf5+ 31. Kxh3 Rh8+ 32. Kg2 Ne3+ 33. Kg3 Rg4+ 34. Kf2 Nxf1 35. Rxg4 Nxd2 36. h4 d5 0-1

[Event "Gibraltar Masters 18th"]
[Site "Gibraltar"]
[Date "2020.01.23"]
[Round "3.43"]
[White "Tabatabaei, M.Amin"]
[Black "Dolzhikova, Olga"]
[Result "1-0"]
[ECO "B06"]
[WhiteElo "2638"]
[BlackElo "2123"]
[PlyCount "81"]
[EventDate "2020.01.21"]
[EventType "swiss"]
[EventRounds "10"]
[EventCountry "GGB"]
[SourceTitle "BritBase"]
[Source "John Saunders"]
[SourceDate "2021.06.05"]
[SourceVersion "1"]
[SourceVersionDate "2021.06.05"]
[SourceQuality "1"]
[TimeControl "40/100:0"]
[WhiteClock "0:32:06"]
[BlackClock "0:02:09"]

1. e4 g6 2. d4 Bg7 3. Nc3 d5 4. Nxd5 c6 5. Ne3 Qxd4 6. Qxd4 Bxd4 7. a4 Nd7 8. Nc4 Bg7 9. f3 Ne5 10. c3 Be6 11. Nxe5 Bxe5 12. Be3 Bg7 13.
h4 h5 14. Nh3 f6 15. a5 Bf7 16. Ra4 a6 17. Nf2 e5 18. Nd3 Bf8 19. Bc5 Bh6 20. Kf2
O-O-O 21. g3 Bb3 22. Rb4 Bc2 23. Ne1 Rd2+ 24. Kg1 Bb1 25. Rh2 Rd1 26. Re2 Bd2
27. Kf2 Nh6 28. Bh3+ Kb8 29. Be6 Rd8 30. Bb3 Bxe1+ 31. Rxe1 Rxe1 32. Kxe1 f5 33. Be3 Rh8 34. Bc5 fxe4 35.
fxe4 Ng4 36. Bf7 Nf6 37. Bd6+ Ka8 38. Bxe5 Rf8 39. Bxg6 Nxe4 40. Bxe4 Re8 41. Bxb1 1-0

[Event "Gibraltar Masters 18th"]
[Site "Gibraltar"]
[Date "2020.01.23"]
[Round "3.44"]
[White "Ioannidis, Evgenios"]
[Black "Deac, Bogdan-Daniel"]
[Result "0-1"]
[ECO "A37"]
[WhiteElo "2373"]
[BlackElo "2626"]
[PlyCount "80"]
[EventDate "2020.01.21"]
[EventType "swiss"]
[EventRounds "10"]
[EventCountry "GGB"]
[SourceTitle "BritBase"]
[Source "John Saunders"]
[SourceDate "2021.06.05"]
[SourceVersion "1"]
[SourceVersionDate "2021.06.05"]
[SourceQuality "1"]
[TimeControl "40/100:0"]
[WhiteClock "0:01:31"]
[BlackClock "0:53:49"]

1. Nf3 c5 2. c4 Nc6 3. g3 g6 4. Bg2 Bg7 5. Nc3 d6 6. O-O e6 7. e3 Nge7 8. d4 O-O 9. Re1 Rb8 10. b3 Nf5 11. Ne2 e5 12. Bb2 cxd4 13.
exd4 e4 14. Nd2 e3 15. Nf3 Re8 16. Nf4 exf2+ 17. Kxf2 Rxe1 18. Qxe1 Ncxd4 19. Nxd4 Nxd4 20. Nd5 Be6 21. Qd2 Nc6 22. Bxg7 Kxg7 23. Qc3+ Ne5 24. Rd1 Bxd5 25. Rxd5 Qf6+ 26. Kg1 b6 27. a4 Rd8 28. a5 Nd7 29.
Qxf6+ Nxf6 30. Rb5 Rb8 31. b4 Ne8 32. c5 Nc7 33. Rxb6 axb6 34. cxb6 Ne6 35. b5 Kf6 36.
Bd5 Ke7 37. Kf2 Kd8 38. a6 Rxb6 39. Bxe6 Rxb5 40. Bxf7 Rf5+ 0-1

[Event "Gibraltar Masters 18th"]
[Site "Gibraltar"]
[Date "2020.01.23"]
[Round "3.45"]
[White "Pigott, John C"]
[Black "Vocaturo, Daniele"]
[Result "1-0"]
[ECO "A56"]
[WhiteElo "2370"]
[BlackElo "2622"]
[PlyCount "97"]
[EventDate "2020.01.21"]
[EventType "swiss"]
[EventRounds "10"]
[EventCountry "GGB"]
[SourceTitle "BritBase"]
[Source "John Saunders"]
[SourceDate "2021.06.05"]
[SourceVersion "1"]
[SourceVersionDate "2021.06.05"]
[SourceQuality "1"]
[TimeControl "40/100:0"]
[WhiteClock "0:39:09"]
[BlackClock "1:39:02"]

1. c4 Nf6 2. Nc3 g6 3. e4 d6 4. d4 Bg7 5. h3 c5 6. d5 e5 7. Bd3 Nbd7 8. Bg5 a6 9. Nge2 Rb8 10. Qd2 h6 11. Be3 Nh5 12. Rb1 g5 13.
g3 Nf4 14. gxf4 gxf4 15. Ng3 fxe3 16. fxe3 Nf6 17. Qf2 h5 18. Nf5 Bxf5 19. Qxf5 h4 20. Be2 Nh7 21. Kd2 Bh6 22. b4 cxb4 23. Rxb4 Qc7 24. Rb3 Qc5 25.
Nd1 Ng5 26. Rg1 Rg8 27. Rg4 Rg6 28. Rxh4 Nh7 29. Rg4 Rxg4 30. Bxg4 Ng5 31. h4
Nxe4+ 32. Qxe4 Ke7 33. Ke2 b5 34. cxb5 axb5 35. Rc3 Qa7 36. Qc2 Rb7 37. a3 b4
38. axb4 Qa6+ 39. Ke1 Qb6 40. Qh7 Bf4 41. Kf2 Qxb4 42.
exf4 Qxf4+ 43. Bf3 Ra7 44. Ne3 Qh2+ 45. Ng2 Ra1 46. Rc7+ Kd8 47. Qc2 e4 48. Rc8+ Ke7 49. Qxe4+ 1-0

[Event "Gibraltar Masters 18th"]
[Site "Gibraltar"]
[Date "2020.01.23"]
[Round "3.46"]
[White "Padmini, Rout"]
[Black "Praggnanandhaa, Rameshbabu"]
[Result "0-1"]
[ECO "B41"]
[WhiteElo "2369"]
[BlackElo "2602"]
[PlyCount "94"]
[EventDate "2020.01.21"]
[EventType "swiss"]
[EventRounds "10"]
[EventCountry "GGB"]
[SourceTitle "BritBase"]
[Source "John Saunders"]
[SourceDate "2021.06.05"]
[SourceVersion "1"]
[SourceVersionDate "2021.06.05"]
[SourceQuality "1"]
[TimeControl "40/100:0"]
[WhiteClock "0:36:35"]
[BlackClock "0:37:38"]

1. e4 c5 2. Nf3 e6 3. d4 cxd4 4. Nxd4 a6 5. c4 Nf6 6. Nc3 Qc7 7. Be2 Bb4 8. f3 Nc6 9. Be3 d6 10. Rc1 Bc5 11. Qd2 Nxd4 12. Bxd4 Bxd4 13. Qxd4 e5 14. Qe3 Be6 15. O-O O-O 16. Nd5 Bxd5 17. cxd5 Qa5 18. a3 Rfc8 19. g3 Nd7 20. Rfd1 Qd8 21. Bc4
a5 22. Bb3 Rxc1 23. Rxc1 Nc5 24. Bd1 Qb6 25. Rc2 Rf8 26. f4 Re8 27. f5 f6 28.
h4 a4 29. Be2 Qa5 30. Bc4 b5 31. g4 Rb8 32. Bf1 Qd8 33. g5 b4 34. Rg2 bxa3 35. bxa3 Rb1 {[%emt 0:00:00] Bc4 Rc1+} 36. Kh2 Rd1 37. Be2 Rd4 38. Rg4 Kf8 39. Bb5 fxg5 40.
hxg5 Qa5 41. g6 h5 42. Rg2 Qxb5 43. Qg5 Nxe4 44. Qxh5 Qxd5 45. Qh8+ Qg8 46. Qh3 Ke7 47. Rb2 Qd5 0-1

[Event "Gibraltar Masters 18th"]
[Site "Gibraltar"]
[Date "2020.01.23"]
[Round "3.47"]
[White "Melia, Salome"]
[Black "Can, Emre"]
[Result "0-1"]
[ECO "B51"]
[WhiteElo "2368"]
[BlackElo "2600"]
[PlyCount "130"]
[EventDate "2020.01.21"]
[EventType "swiss"]
[EventRounds "10"]
[EventCountry "GGB"]
[SourceTitle "BritBase"]
[Source "John Saunders"]
[SourceDate "2021.06.05"]
[SourceVersion "1"]
[SourceVersionDate "2021.06.05"]
[SourceQuality "1"]
[TimeControl "40/100:0"]
[WhiteClock "0:00:42"]
[BlackClock "0:12:55"]

1. e4 c5 2. Nf3 d6 3. Bb5+ Nd7 4. d4 cxd4 5. Qxd4 a6 6. Bxd7+ Qxd7 7. Nc3 e5 8. Qd3 Qc6 9. O-O Be6 10. Rd1 Rc8 11. a4 Nf6 12. Bg5 Nd7 13.
a5 h6 14. Be3 Be7 15. Nd2 Nf6 16. Bb6 d5 17. exd5 Nxd5 18. Nxd5 Bxd5 19. c4 Be6 20. b3 O-O
21. Qe4 f5 22. Qxc6 Rxc6 23. Nf3 Bf6 24. Rac1 g5 25. Rc2 Re8 26. Rcd2 f4 27. Rd6 Rxd6 28. Rxd6 Kf7 29. Rd2 e4 30. Nd4 Bg4 31. Nc2 Bc3 32. Rd5 Re5 33. Rxe5 Bxe5 34. Nd4 Bd6 35. f3 exf3 36. gxf3 Bd7 37. Kg2 Kf6 38. h3 Bb4 39. Nc2 Bc3 40. Bd8+ Ke5 41. Bc7+ Kf5 42. Bb6 Ke6 43. Bc7 Be8 44. Bb6 Bg6 45. Nd4+ Ke5 46. Ne2 Bd2 47. Bd4+ Ke6 48. Nc3 Bd3 49. Na4 Bc2 50. Nc5+ Ke7 51. Be5 Bxa5 52. Nxb7 Bb4 53. Bg7 Kf7 54. Bd4 Bxb3 55. c5 Bd5 56. c6 a5 57. Bb6 a4 58. Na5 Ke7 59. Kf2 a3 60. Bd4 Bxa5 61. Bc5+ Kf7 62. Bxa3 Bxc6 63. Bc5 Kg6 64. Kg2 Be1 65. Bd6 Bg3 0-1

[Event "Gibraltar Masters 18th"]
[Site "Gibraltar"]
[Date "2020.01.23"]
[Round "3.48"]
[White "Shachar, Ehud"]
[Black "Santos Ruiz, Miguel"]
[Result "0-1"]
[ECO "B50"]
[WhiteElo "2363"]
[BlackElo "2591"]
[PlyCount "82"]
[EventDate "2020.01.21"]
[EventType "swiss"]
[EventRounds "10"]
[EventCountry "GGB"]
[SourceTitle "BritBase"]
[Source "John Saunders"]
[SourceDate "2021.06.05"]
[SourceVersion "1"]
[SourceVersionDate "2021.06.05"]
[SourceQuality "1"]
[TimeControl "40/100:0"]
[WhiteClock "0:02:00"]
[BlackClock "0:05:49"]

1. e4 c5 2. Nf3 d6 3. c3 Nf6 4. Be2 g6 5. O-O Bg7 6. Bb5+ Nc6 7. d4 O-O 8. d5 a6 9. Bd3 Na5 10. Re1 b5 11. Nbd2 e6 12. dxe6 Bxe6 13. h3 Re8 14. Ng5 Bd7 15. Nf1 Bc6 16. Ng3 Ra7 17. Bf4 Rae7 18. Qd2 Nb7 19.
Rad1 d5 20. Qc1 Qc8 21. exd5 Rxe1+ 22. Rxe1 Nxd5 23. Bd2 c4 24. Bc2 f5 25. Nf3 Nc5 26. Ne2 Nf6 27. Ned4 Be4 28. b3 Bxc2 29. Qxc2 Nfe4 30. bxc4 bxc4 31. Rb1 Qc7 32. Rb4 Nd3 33. Qa4 Rc8 34. Rb1 Bxd4 35. cxd4 c3 36. Qxa6 cxd2 37. Qxd3 Qc2 38. Qxc2 Rxc2 39. Kh2 Nxf2 40. Rb8+ Kg7 41. Rb7+ Kh6 0-1

[Event "Gibraltar Masters 18th"]
[Site "Gibraltar"]
[Date "2020.01.23"]
[Round "3.49"]
[White "Tregubov, Pavel V"]
[Black "Abrahamyan, Tatev"]
[Result "1/2-1/2"]
[ECO "A13"]
[WhiteElo "2588"]
[BlackElo "2363"]
[PlyCount "90"]
[EventDate "2020.01.21"]
[EventType "swiss"]
[EventRounds "10"]
[EventCountry "GGB"]
[SourceTitle "BritBase"]
[Source "John Saunders"]
[SourceDate "2021.06.05"]
[SourceVersion "1"]
[SourceVersionDate "2021.06.05"]
[SourceQuality "1"]
[TimeControl "40/100:0"]
[WhiteClock "0:36:05"]
[BlackClock "0:34:24"]

1. c4 Nf6 2. Nc3 e6 3. Nf3 d5 4. e3 a6 5. b3 c5 6. Bb2 Nc6 7. d4 cxd4 8. exd4 Ne4 9. a3 Nxc3 10. Bxc3 Be7 11. Bd3 O-O 12. O-O b6 13. Qc2 g6 14. Rfd1 Bb7 15. b4 dxc4 16. Bxc4 Na7 17. d5 exd5 18. Qd2
Bf6 19. Bxd5 Bxc3 20. Qxc3 Bxd5 21. Qe5 Nc6 22. Qxd5 Qxd5 23. Rxd5 Rfd8 24. Rad1 Rxd5 25. Rxd5 Rd8 26. Rxd8+ Nxd8 27. Ne5 Ne6 28. Nd7 b5 29. Kf1 f5 30. Ke2 Kf7 31. Ke3 Ke7 32. Nb8 Nc7 33. Kf4 Kf6 34. Nd7+ Ke7 35. Nc5 Kf6 36. h4 h6 37. Ke3 Ke5 38. Nd7+ Ke6 39. Nf8+ Kf7 40. Nd7 Ke6 41. Nb8 Ke5 42. f4+ Kd5 43. Kd3 Kd6 44. g3 Ne6 45. Nxa6 Kc6 {[%emt 0:00:00] Ke4} 1/2-1/2

[Event "Gibraltar Masters 18th"]
[Site "Gibraltar"]
[Date "2020.01.23"]
[Round "3.50"]
[White "Beinoras, Mindaugas"]
[Black "Idani, Pouya"]
[Result "1-0"]
[ECO "A45"]
[WhiteElo "2355"]
[BlackElo "2577"]
[PlyCount "59"]
[EventDate "2020.01.21"]
[EventType "swiss"]
[EventRounds "10"]
[EventCountry "GGB"]
[SourceTitle "BritBase"]
[Source "John Saunders"]
[SourceDate "2021.06.05"]
[SourceVersion "1"]
[SourceVersionDate "2021.06.05"]
[SourceQuality "1"]
[TimeControl "40/100:0"]
[WhiteClock "0:18:20"]
[BlackClock "0:22:33"]

1. d4 Nf6 2. Bg5 Ne4 3. Bf4 d5 4. e3 c5 5. Bd3 cxd4 6. Bxe4 dxe4 7. exd4 g6 8. Nc3 Bg7 9. Nge2 f5 10. Qd2 O-O 11. Bh6 Bxh6 12. Qxh6 e5 13.
O-O-O Nc6 14. dxe5 Qe7 15. Nd5 Qxe5 16. Nef4 Be6 17.
Nc7 Bxa2 18. Nxa8 Bf7 19. Rd7 Nb4 20. Rhd1 Qb5 21. Nd5 Nxd5 22. R1xd5 Qf1+ 23. Rd1 Qa6 24. Qe3 Rxa8 25. Rd8+ Rxd8 26. Rxd8+ Kg7 27. Qd4+ Kh6 28. Rd7 Qa1+ 29. Kd2 Qa5+ 30. b4 1-0

[Event "Gibraltar Masters 18th"]
[Site "Gibraltar"]
[Date "2020.01.23"]
[Round "3.51"]
[White "Beliavsky, Alexander G"]
[Black "Barrish, Daniel"]
[Result "1/2-1/2"]
[ECO "A09"]
[WhiteElo "2529"]
[BlackElo "2352"]
[PlyCount "110"]
[EventDate "2020.01.21"]
[EventType "swiss"]
[EventRounds "10"]
[EventCountry "GGB"]
[SourceTitle "BritBase"]
[Source "John Saunders"]
[SourceDate "2021.06.05"]
[SourceVersion "1"]
[SourceVersionDate "2021.06.05"]
[SourceQuality "1"]
[TimeControl "40/100:0"]
[WhiteClock "0:19:53"]
[BlackClock "0:01:47"]

1. Nf3 d5 2. c4 d4 3. g3 Nc6 4. Bg2 e5 5. d3 Bb4+ 6. Nbd2 a5 7. a3 Be7 8. Rb1 a4 9. b4 axb3 10. Rxb3 Nf6 11. Rb5 Nd7 12. O-O O-O 13. Nb3 Bxa3 14. e3 Bxc1 15. Qxc1 dxe3 16. Qxe3 Ra6 17. Re1 Na7 18. Ra5 Rxa5 19. Nxa5 c5 20. Nb3 b6 21. Ng5 h6 22. Ne4 Bb7 23. f4 exf4 24. Qxf4 Bxe4 25.
Rxe4 Nf6 26. Re3 Nc8 27. d4 cxd4 28. Qxd4 Qxd4 29. Nxd4 Nd6 30. Rb3 Nxc4 31. Rb4 Ne3 32. Rxb6 Rd8 33. Rb4 g5 34. Bf3 Nfd5 35. Rb3 Nf6 36. Rxe3 Rxd4 37. Re2 Kg7 38. Kf2 Kg6 39. Ra2 Rd6 40. Ke3 h5 41. Kf2 Rb6 42. Kg2 Nh7 43.
Ra7 Rb2+ 44. Kg1 Nf6 45. Ra6 Kg7 46. Ra5 g4 47. Bg2 Rb6 48.
Ra3 Kg6 49. h3 gxh3 50. Bxh3 Nh7 51. Bf1 f5 52. Ra6 Rxa6 53. Bxa6 Kg5 54. Kg2 Nf6 55. Be2 Ne4 1/2-1/2

[Event "Gibraltar Masters 18th"]
[Site "Gibraltar"]
[Date "2020.01.23"]
[Round "3.52"]
[White "Gordon, Stephen J"]
[Black "Lujan, Carolina"]
[Result "0-1"]
[ECO "A37"]
[WhiteElo "2504"]
[BlackElo "2330"]
[PlyCount "123"]
[EventDate "2020.01.21"]
[EventType "swiss"]
[EventRounds "10"]
[EventCountry "GGB"]
[SourceTitle "BritBase"]
[Source "John Saunders"]
[SourceDate "2021.06.05"]
[SourceVersion "1"]
[SourceVersionDate "2021.06.05"]
[SourceQuality "1"]
[TimeControl "40/100:0"]
[WhiteClock "0:01:05"]
[BlackClock "0:01:58"]

1. c4 c5 2. g3 g6 3. Bg2 Bg7 4. Nc3 Nc6 5. Nf3 e6 6. d4 cxd4 7. Nb5 d5 8. cxd5 Qa5+ 9. Nd2 Qxb5 10. dxc6 Ne7 11. a4 Qb6 12. b3 O-O 13. Nc4 Qc7 14. Bf4 e5 15. Bxe5 Bxe5 16. Nxe5 Qxe5 17. cxb7 Bxb7 18. Bxb7 d3 19.
Ra2 Rab8 20. Bf3 dxe2 21. Qxe2 Qc3+ 22. Kf1 Rxb3 23. Kg2 Nf5 24. Bd5 Nh4+ 25. Kh3 Rb4 26. Rc2 Qf6 27. Rd1 Qf5+ 28. g4 Qf4 29. f3 g5 30. Qd2 Ng6 31. Qxf4 Nxf4+ 32. Kg3 Rxa4 33. h4 gxh4+ 34. Kf2 Kg7 35. Bc6 Ra3 36. Be4 Nh3+ 37. Kg2 Nf4+ 38. Kf2 Re8 39. Rd7 Nh3+ 40. Kg2 Ng5 41. Bd5 a5 42. f4 h3+ 43. Kh2 Nf3+ 44. Bxf3 Rxf3 45. Ra2 Re4 46. Ra7 Rexf4 47. R7xa5 Rxg4 48. Rh5 Rgg3 49. Rb5 Kg6 50. Ra6+ f6 51. Ra2 Rg5 52. Rb7 h6 53. Rba7 Kh5 54. R7a3 Rg2+ {[%emt 0:00:00] Rd2 Rgf2+ Rxf2 Rxa3} 55.
Rxg2 f5 56. Rg8 Kh4 57. Rf8 {[%emt 0:00:00] Ra2+ Kg1 Rg2+ Kh1 Rg5 Kh2} Kg4 58. Rf6 h5 {[%emt 0:00:00] Ra6 f4} 59. Ra8 {
[%emt 0:00:00] Rf5 Ra4 Rd5 Ra8 Rd2+ Kg1 Kg3 Rg8+ Kf3 Rf8} h4 60. Rf7 {[%emt 0:01:30] Ke3 Re7+ Kf3 Rf7 Rd1+ Kh2 Ke3 Re7+ Kf2 Kxh3 f3 Kh2 Kf1}
Re3 {[%emt 0:01:41] f2} 61. Re8 Re1 62. Ra8 {
[%emt 0:00:44] Ke2 Ra2+ Ke3 Ra3+ Kd4} 0-1

[Event "Gibraltar Masters 18th"]
[Site "Gibraltar"]
[Date "2020.01.23"]
[Round "3.53"]
[White "Petrov, Vladimir Sergeev"]
[Black "Kosteniuk, Alexandra"]
[Result "1-0"]
[ECO "B19"]
[WhiteElo "2353"]
[BlackElo "2504"]
[PlyCount "75"]
[EventDate "2020.01.21"]
[EventType "swiss"]
[EventRounds "10"]
[EventCountry "GGB"]
[SourceTitle "BritBase"]
[Source "John Saunders"]
[SourceDate "2021.06.05"]
[SourceVersion "1"]
[SourceVersionDate "2021.06.05"]
[SourceQuality "1"]
[TimeControl "40/100:0"]
[WhiteClock "0:05:40"]
[BlackClock "0:54:04"]

1. e4 c6 2. d4 d5 3. Nc3 dxe4 4. Nxe4 Bf5 5. Ng3 Bg6 6. h4 h6 7. Nf3 Nd7 8. h5 Bh7 9. Bd3 Bxd3 10. Qxd3 e6 11. Bd2 Bd6 12. Ne4 Bc7 13.
O-O-O Ngf6 14. c4 b5 15. cxb5 O-O 16. bxc6 Nxe4 17. Qxe4 Nf6 18. Qc2 Qd5 19. Kb1 Rfb8 20. Rc1 Rb5 21. Qc4 Qf5+ 22. Qc2 Ne4 23. Rhe1 Rab8 24. b3 Nxd2+ 25. Nxd2 Qxf2 26. Nf3 Qg3
27. Ne5 a5 28. Nd7 Ra8 29. Qc3 Qd6 30. Re5 Rb4 31. Qc5 a4 32. Rc4 Rxc4 33. bxc4
Ra6 34. Qxd6 Bxd6 35. d5 Ra5 36. Kc2 a3 37. c5 Rb5 38. Re2 1-0

[Event "Gibraltar Masters 18th"]
[Site "Gibraltar"]
[Date "2020.01.23"]
[Round "3.54"]
[White "Borocz, Istvan"]
[Black "Tan, Zhongyi"]
[Result "1/2-1/2"]
[ECO "B96"]
[WhiteElo "2337"]
[BlackElo "2493"]
[PlyCount "109"]
[EventDate "2020.01.21"]
[EventType "swiss"]
[EventRounds "10"]
[EventCountry "GGB"]
[SourceTitle "BritBase"]
[Source "John Saunders"]
[SourceDate "2021.06.05"]
[SourceVersion "1"]
[SourceVersionDate "2021.06.05"]
[SourceQuality "1"]
[TimeControl "40/100:0"]
[WhiteClock "0:40:35"]
[BlackClock "1:36:18"]

1. e4 c5 2. Nf3 d6 3. d4 cxd4 4. Nxd4 Nf6 5. Nc3 a6 6. Bg5 e6 7. f4 h6 8. Bxf6 Qxf6 9. Qd2 g5 10. g3 gxf4 11. gxf4 Qh4+ 12. Qf2 Be7 13. Rg1 Qxf2+ 14. Kxf2 Nc6 15. Nb3 Bf6 16. Bd3 Ke7 17. Nd1 a5 18. a4 Nb4 19. Ke2 Bd7 20. c3 Nxd3 21. Kxd3 Rhb8 22. Nd4 Bxd4 23. Kxd4 b5 24. axb5 Bxb5 25. b4 Bc6 26. Nf2 axb4 27.
Rxa8 Bxa8 28. Rb1 b3 29. c4 Rh8 30. Nd3 Bc6 31. Nc1 Ba4 32. Kc3 Rg8 33. Nxb3 Rg4 34.
Rf1 Bxb3 35. Kxb3 Rg2 36. Kc3 Rxh2 37. Kd4 h5 38. c5 dxc5+ 39. Kxc5 h4 40. Kd4 h3 41. Ke3 Ra2 42. Kf3 h2 43. Kg3 Kd6 44. Rd1+ Kc5 45. e5 Ra3+ 46. Kg4 Ra4 47. Rh1 Ra2 48. Kg3 Kd4 49. Rxh2 Rxh2 50. Kxh2 Ke4 51. Kg3 Ke3 52. Kg4 Kf2 53. f5 Ke3 54. fxe6 fxe6 55. Kg3 1/2-1/2

[Event "Gibraltar Masters 18th"]
[Site "Gibraltar"]
[Date "2020.01.23"]
[Round "3.55"]
[White "Garcia Martin, Marta"]
[Black "Bilguun, Sumiya"]
[Result "1/2-1/2"]
[ECO "B28"]
[WhiteElo "2317"]
[BlackElo "2486"]
[PlyCount "92"]
[EventDate "2020.01.21"]
[EventType "swiss"]
[EventRounds "10"]
[EventCountry "GGB"]
[SourceTitle "BritBase"]
[Source "John Saunders"]
[SourceDate "2021.06.05"]
[SourceVersion "1"]
[SourceVersionDate "2021.06.05"]
[SourceQuality "1"]
[TimeControl "40/100:0"]
[WhiteClock "0:45:24"]
[BlackClock "1:10:15"]

1. e4 c5 2. Nf3 a6 3. c3 d5 4. exd5 Qxd5 5. d4 Nf6 6. Be2 cxd4 7. cxd4 e6 8. Nc3 Qd6 9. Ne5 Nc6 10. Nxc6 Qxc6 11. O-O Bd6 12. Bg5 Qc7 13. g3 Be7 14. Bf3 O-O 15. Qb3 h6 16.
Be3 Qa5 17. d5 exd5 18. Nxd5 Nxd5 19. Bxd5 Qb5 20. Qxb5 axb5 21. Rfd1 Be6 22. Bxe6 fxe6 23. Rd7 Bf6 24. Rxb7 Bxb2 25. Rb1 Rxa2 26. Rxb5 Bc3 27. Rb6 e5 28. Rb8 Bd4 29. Rxf8+ Kxf8 30. Re1 Kf7 31. Kg2 Kf6 32. Kf3 Kf5 33. g4+ Kf6 34. h4 Ra4 35. Kg3 Ra3 36. Kf3 h5 37.
Rg1 Bxe3 38. fxe3 hxg4+ 39. Rxg4 g6 40. Rg1 Kf5 41. Rg5+ Kf6 42.
Rg1 Ra7 43. Rg4 Ra1 44. Rb4 Kf5 45. e4+ Kf6 46. Rb6+ Kf7 1/2-1/2